 Dungeon Crawl Stone Soup version 0.31-a0-112-gdf0485fa37 (webtiles) character file.

Game seed: 3738122630615439802

903 NateTC the Magician (level 8, -4/50 HPs)
             Began as a Djinni Conjurer on May 28, 2023.
             Was an Initiate of Ru.
             Killed from afar by Pikel (18 damage)
             ... with a bolt of dispelling energy
             ... on level 5 of the Dungeon.
             The game lasted 00:10:26 (4023 turns).

NateTC the Magician (Djinni Conjurer)               Turns: 4023, Time: 00:10:27

Health: -4/50      AC:  2    Str:  6    XL:     8   Next: 29%
Gold:   243        EV: 12    Int: 22    God:    Ru [......] SH:  0 Dex: 12

rFire   + + .        (no weapon)
rCold   x . .        (no shield)
rNeg    . . .        c - +0 robe {Will+}
rPois   ∞            (no helmet)
rElec   .            (no cloak)
rCorr   .            (no gloves)
SInv    .            (boots unavailable)
Will    +....        (no amulet)
Stlth   ++           (no ring)
HPRegen 0.28/turn    (no ring)
MPRegen 0.00/turn

%: infuse magic (-5 HP)
@: flying
A: sickness immunity, fire resistance 2, cold vulnerability 1, float, innate
caster, HP casting, extra vitality 1
a: Renounce Religion


You were on level 5 of the Dungeon.
You worshipped Ru.
Ru was noncommittal.
You visited 2 branches of the dungeon, and saw 6 of its levels.

You collected 243 gold pieces.

Inventory:

Missiles
 n - a throwing net
Armour
 a - a +1 robe
 c - a +0 robe of willpower (worn)
Jewellery
 f - an amulet of faith
Wands
 j - a wand of flame (12)
Scrolls
 e - 2 scrolls of poison
 l - a scroll of teleportation
Potions
 b - a potion of haste {unknown}
 d - 3 potions of brilliance
 g - a potion of lignification {unknown}
 h - 2 potions of mutation
 i - 2 potions of heal wounds
 k - 4 potions of curing
 m - a potion of cancellation {unknown}


   Skills:
 - Level 2.1 Dodging
 - Level 1.5 Stealth
 * Level 7.5 Spellcasting
 * Level 7.5 Conjurations
 * Level 7.5 Hexes
   Level 0.0 Charms
 * Level 7.5 Summonings
 * Level 7.5 Necromancy
 * Level 7.5 Translocations
 * Level 7.5 Transmutations
 * Level 7.5 Fire Magic
 * Level 7.5 Ice Magic
 * Level 7.5 Air Magic
 * Level 7.5 Earth Magic
 * Level 7.5 Poison Magic


You knew the following spells:

 Your Spells              Type           Power      Damage    Failure   Level
a - Magic Dart            Conj           100%       1d8       1%          1
b - Searing Ray           Conj           82%        2d7       1%          2
c - Dazzling Flash        Conj/Hex       82%        N/A       1%          3
d - Fulminant Prism       Conj/Hex       20%        3d12      3%          4
e - Iskenderun's Mystic   Conj/Tloc      41%        2d9       3%          4
f - Beastly Appendage     Tmut           82%        N/A       1%          1
g - Scorch                Fire           82%        2d8       1%          2
h - Hailstorm             Conj/Ice       41%        3d10      1%          3
Your spell library was empty.

Dungeon Overview and Level Annotations

Branches:
Dungeon (5/15) Zot: 26029  Temple (1/1) D:4 Zot: 5947

Altars:
Cheibriados
Fedhas
Gozag
Hepliaklqana
Nemelex Xobeh
Ru
Trog
Uskayaw
Xom
Yredelemnul
Zin
The Shining One

Shops:
D:1 [   D:5 (

Annotations:
D:5 Pikel


Innate Abilities, Weirdness & Mutations

You are immune to sickness and miasma.
You are immune to poison.
Your flesh is very heat resistant. (rF++)
You are vulnerable to cold. (rC-)
You float through the air rather than walking.
You learn spells naturally, not from books.
Your magical power is your life essence.
You have superior vitality. (+4 MHP)


Message History

Casting: Hailstorm (safe; 1% risk of failure)
Confirm with . or Enter, or press ? or * to list all spells.
Aiming: Magic Dart (safe; 1% risk of failure)
Press: ? - help, Shift-Dir - straight line, f - orc
Aim: an orc, wielding a +0 flail and wearing a +0 leather armour (100% to hit)
The magic dart hits the orc!
You kill the orc!
Casting: Magic Dart (safe; 1% risk of failure)
Confirm with . or Enter, or press ? or * to list all spells.
Casting: Hailstorm (safe; 1% risk of failure)
Press: ? - help, Dir - look around, f - activate A cannonade of hail descends around you!
The hail pelts the lemure!!
The lemure is severely wounded.
An orc comes into view. It is wielding a +0 short sword.
Pikel, Merchant of Souls comes into view.
He is wielding a +2 whip of flaming and carrying a wand of quicksilver (13).
Casting: Hailstorm (safe; 1% risk of failure)
Confirm with . or Enter, or press ? or * to list all spells.
Casting: Hailstorm (safe; 1% risk of failure)
Press: ? - help, Dir - look around, f - activate A cannonade of hail descends around you!
The hail pelts Pikel!
Pikel is moderately wounded.
A lemure comes into view.
Casting: Hailstorm (safe; 1% risk of failure)
Confirm with . or Enter, or press ? or * to list all spells.
Aiming: Fulminant Prism (dangerous; 3% risk of failure)
Press: ? - help, Dir - move target You conjure a prism of explosive energy!
A fulminant prism comes into view.
A lemure comes into view.
Your fulminant prism crackles loudly.
Pikel zaps a wand.
The bolt of dispelling energy hits you!
* * * LOW HITPOINT WARNING * * *
Your fulminant prism explodes!
You feel a bit more experienced. x3
You hear an angry hiss.
You hear a bark!
You hear a bark!
Pikel zaps a wand.
The bolt of dispelling energy hits you!!
You die...

...... ... ...... ..#
#### .>....##..
...### .........#
##...##
........###.....#
#.............#
#.....#
#.....########
#.K..####...≈≈≈≈≈≈≈≈#
##†#f..@..#.......∩≈#
#K)#########≈≈≈≈≈≈≈≈#
#o# #######..# 5o
##.# #.5 #.# .. #.#
.#. #.#### #.....
#.####


You could see Pikel and a sleepcap.

Vanquished Creatures
  A black bear (D:4)
  A lemure (D:5)
  3 phantoms
  A bullfrog (D:4)
  A howler monkey (D:4)
  3 hounds
  A sleepcap (D:4)
  Natasha (thrice) (D:2)
  An iguana (D:4)
  3 orc wizards
  8 adders
  4 gnolls (D:4)
  3 dart slugs
  12 orcs
  5 bats
  4 endoplasms
  4 giant cockroaches
  5 hobgoblins
  4 jackals
  7 ball pythons
  6 frilled lizards
  7 goblins
  8 kobolds
  A rat (D:3)
96 creatures vanquished.

Vanquished Creatures (others)
  7 fulminant prisms
7 creatures vanquished.

Grand Total: 103 creatures vanquished

Notes
Turn   | Place    | Note
-------+----------+-------------------------------------------
     0 | D:1      | NateTC the Djinni Conjurer began the quest for the Orb.
     0 | D:1      | NateTC set off with the following spells memorised: Magic
                  | Dart, Searing Ray, Dazzling Flash, Fulminant Prism,
                  | Iskenderun's Mystic Blast.
     0 | D:1      | Reached XP level 1. HP: 15/15 MP: 0/0
   142 | D:1      | Found Zekuq's Antique Armour Emporium.
   203 | D:1      | Reached XP level 2. HP: 10/21 MP: 0/0
   603 | D:1      | Found a faded altar of an unknown god.
   827 | D:2      | Reached XP level 3. HP: 14/25 MP: 0/0
   827 | D:2      | Learned a level 1 spell: Beastly Appendage
   954 | D:2      | Reached XP level 4. HP: 27/31 MP: 0/0
  1244 | D:2      | Noticed Natasha
  1249 | D:2      | Killed Natasha
  1329 | D:2      | Reached XP level 5. HP: 32/35 MP: 0/0
  1329 | D:2      | Learned a level 2 spell: Scorch
  1370 | D:2      | Noticed Natasha
  1374 | D:2      | Killed Natasha
  1497 | D:2      | Noticed Natasha
  1501 | D:2      | Killed Natasha
  1502 | D:2      | Reached skill level 5 in Spellcasting
  1502 | D:2      | Reached skill level 5 in Conjurations
  1502 | D:2      | Reached skill level 5 in Hexes
  1502 | D:2      | Reached skill level 5 in Summonings
  1502 | D:2      | Reached skill level 5 in Necromancy
  1502 | D:2      | Reached skill level 5 in Translocations
  1502 | D:2      | Reached skill level 5 in Transmutations
  1502 | D:2      | Reached skill level 5 in Fire Magic
  1502 | D:2      | Reached skill level 5 in Ice Magic
  1502 | D:2      | Reached skill level 5 in Air Magic
  1502 | D:2      | Reached skill level 5 in Earth Magic
  1502 | D:2      | Reached skill level 5 in Poison Magic
  1828 | D:3      | Reached XP level 6. HP: 35/40 MP: 0/0
  1934 | D:3      | Found a glowing silver altar of Zin.
  2753 | D:4      | Reached XP level 7. HP: 25/45 MP: 0/0
  2753 | D:4      | Learned a level 3 spell: Hailstorm
  3221 | D:4      | Reached XP level 8. HP: 30/50 MP: 0/0
  3664 | D:4      | Found a staircase to the Ecumenical Temple.
  3679 | Temple   | Entered the Ecumenical Temple
  3705 | Temple   | Became a worshipper of Ru the Awakened
  3982 | D:5      | Entered Level 5 of the Dungeon
  3986 | D:5      | Found Jezycock's Antique Weapon Shop.
  4017 | D:5      | Noticed Pikel
  4023 | D:5      | Killed from afar by Pikel

Illustrated notes

Levels and vault maps discovered:
D:1:      saegor_arrival_simple_c, layout_loops_ring,
          hellmonk_ecumenical_altar_slurped_away, serial_shops,
          nicolae_shop_dealshenge, grunt_decor_junction, nrook_mini_vaults,
          minmay_statues_item, minmay_surrounded
D:2:      layout_loops_ring, minivault_14, uniq_natasha
D:3:      layout_basic, mainiacjoe_overflow_alcove_1, serial_bayou,
          serial_bayou_pond_b, serial_bayou_pond_b, serial_bayou_shore_a,
          serial_bayou_lagoon_b, serial_bayou_pond_c
D:4:      layout_loops_ring, minmay_temple_entry_statues
D:5:      layout_loops_cross, mainiacjoe_overflow_brackets, serial_shops,
          nicolae_shop_peninsula, amethyst_killhole, uniq_pikel, uniq_duvessa
Temple:   chequers_temple_sunken

Skill      XL: |  1  2  3  4  5  6  7 |
---------------+----------------------+-----
Spellcasting   | 4 5 6 7 |  7.5
Conjurations   | 4 5 6 7 |  7.5
Hexes          | 4 5 6 7 |  7.5
Summonings     | 4 5 6 7 |  7.5
Necromancy     | 4 5 6 7 |  7.5
Translocations | 4 5 6 7 |  7.5
Transmutations | 4 5 6 7 |  7.5
Fire Magic     | 4 5 6 7 |  7.5
Ice Magic      | 4 5 6 7 |  7.5
Air Magic      | 4 5 6 7 |  7.5
Earth Magic    | 4 5 6 7 |  7.5
Poison Magic   | 4 5 6 7 |  7.5
Dodging        | |  2.1
Stealth        | |  1.5

Action                     |  1- 3 |  4- 6 |  7- 9 || total
---------------------------+-------+-------+-------++-------
  Melee: Unarmed           |       |     1 |       ||     1
   Cast: Magic Dart        |    38 |    82 |    34 ||   154
         Searing Ray       |       |     2 |       ||     2
         Scorch            |       |    24 |     4 ||    28
         Fulminant Prism   |       |     2 |     5 ||     7
         Iskenderun's Myst |       |       |    17 ||    17
         Hailstorm         |       |       |     8 ||     8
    Use: Scroll            |     7 |     2 |     1 ||    10
 Armour: Robe              |     5 |     3 |       ||     8
  Dodge: Dodged            |     5 |     6 |     1 ||    12

Table legend: (Time is in decaauts)
 A = Elapsed time spent in this place.
 B = Non-inter-level travel time spent in this place.
 C = Inter-level travel time spent in this place.
 D = Time resting spent in this place.
 E = Time spent auto-exploring this place.
 F = Levels seen in this place.
 G = Mean time per level.
                   A        B        C        D        E       F      G
               +--------+--------+--------+--------+--------+-----+--------+
         Total |   4022 |   3955 |     67 |    666 |   2450 |   6 |  670.3 |
       Dungeon |   3969 |   3927 |     42 |    666 |   2450 |   5 |  793.8 |
        Temple |     52 |     27 |     25 |      0 |      0 |   1 |   52.0 |
               +--------+--------+--------+--------+--------+-----+--------+

Top non-repeatable levels by time:
     D:4: 1187 daAuts
     D:3: 1087 daAuts
     D:2: 853 daAuts
     D:1: 800 daAuts
  Temple: 52 daAuts
     D:5: 40 daAuts
